 Dungeon Crawl Stone Soup version 0.30-b1-2-g02819fbbbe (webtiles) character file.

Game seed: 14310450421163191901

298 Alarkh the Trooper (level 6, 52/52 HPs)
             Began as a Demonspawn Artificer on Nov 26, 2023.
             Got out of the dungeon alive.
             The game lasted 00:03:42 (3393 turns).

Alarkh the Trooper (Demonspawn Artificer)           Turns: 3393, Time: 00:03:43

Health: 52/52      AC:  6    Str: 13    XL:     6   Next: 13%
Magic:  6/6        EV: 11    Int: 14    God:
Gold:   164        SH:  0    Dex: 13    Spells: 5/5 levels left

rFire   . . .        a - +2 dagger (venom)
rCold   . . .        (no shield)
rNeg    . . .        b - +0 leather armour
rPois   .            (no helmet)
rElec   .            (no cloak)
rCorr   .            q - +0 pair of gloves
SInv    .            (no boots)
Will    +....        (no amulet)
Stlth   +            H - ring of willpower
HPRegen 0.28/turn    (no ring)
MPRegen 0.10/turn

%: no passive effects
@: no status effects
A: yellow scales 1, weakness stinger 2
a: no special abilities


You escaped.
You visited 1 branch of the dungeon, and saw 4 of its levels.
You also visited: Sewer.

You collected 164 gold pieces.

Inventory:

Hand Weapons
 a - a +2 dagger of venom (weapon)
 k - a +0 club
 w - a +0 spear
Armour
 b - a +0 leather armour (worn)
 q - a +0 pair of gloves (worn)
Jewellery
 H - a ring of willpower (left hand)
Wands
 c - a wand of flame (14) (quivered)
 d - a wand of charming (15)
 e - a wand of iceblast (5)
 G - a wand of paralysis (3)
Scrolls
 g - a scroll of noise {unknown}
 h - 3 scrolls of teleportation {unknown}
 i - a scroll of poison {unknown}
 m - a scroll of fog {unknown}
 n - a scroll of vulnerability {unknown}
 o - a scroll of torment {unknown}
 p - 2 scrolls of enchant weapon {unknown}
 r - 2 scrolls of identify
 v - 2 scrolls of silence {unknown}
 y - a scroll of summoning {unknown}
 C - a scroll of brand weapon {unknown}
 E - a scroll of acquirement {unknown}
Potions
 f - 2 potions of lignification
 j - a potion of flight
 l - a potion of attraction
 s - a potion of might {unknown}
 t - a potion of heal wounds {unknown}
 u - a potion of curing {unknown}
 x - a potion of haste {unknown}
 z - 2 potions of ambrosia {unknown}
 A - a potion of brilliance {unknown}
 B - 3 potions of cancellation {unknown}
 D - a potion of magic {unknown}
 F - a potion of resistance {unknown}


   Skills:
 + Level 6.2 Fighting
 - Level 1.7 Armour
 - Level 0.8 Dodging
 - Level 0.8 Stealth
 - Level 3.0 Evocations


You had 5 spell levels left.
You didn't know any spells.
Your spell library contained the following spells:

 Spells                   Type           Power      Damage    Failure   Level
 Magic Dart               Conj           0%         1d3       36%         1
 Searing Ray              Conj           0%         2d4       50%         2
 Fulminant Prism          Conj/Hex       0%         3d5       98%         4


Dungeon Overview and Level Annotations

Branches:
Dungeon (4/15)              Sewer (visited)
 Temple: D:4-7

Altars:

Annotations:
D:3 2 transporters, xelsha's ghost, amateur GnFi


Innate Abilities, Weirdness & Mutations

You are partially covered in yellow scales. (AC +2)
You have a tail ending in a sharp stinger.


Message History

Your demonic ancestry asserts itself...
Yellow scales grow over part of your body.
You miss the adder.
Your tail-slap misses the adder.
You feel sick. The adder bites you but does no damage.
You closely miss the adder. You tail-slap the adder.
The adder is severely wounded.
You feel sick. The adder bites you but does no damage.
You hit the adder.
The adder is poisoned.
The adder is severely wounded.
You feel sick. The adder barely misses you.
You closely miss the adder. You tail-slap the adder.
You kill the adder!
You feel sick.
You are no longer poisoned.
No target in view!
No target in view!
No target in view!
No target in view!
No target in view!
No target in view!
No target in view!
No target in view!
No target in view!
(D) Dungeon
Where to? (Enter - D:4, ? - help)
What level of the Dungeon? (default 1, ? - help)
There is a stone staircase leading up here.
You climb upwards.
Level annotation: 2 transporters, xelsha's ghost, amateur GnFi
There is a stone staircase leading down here.
There is a stone staircase leading up here.
You climb upwards.
There is a stone staircase leading down here.
HP restored.
There is a stone staircase leading up here.
You climb upwards.
There is a stone staircase leading down here.
There is a staircase leading out of the dungeon here.
Are you sure you want to leave the Dungeon?
This will make you lose the game!
You have escaped!

###.##..............[.......†..
#...##.######..###############.
#.####.# ########### #. #.#
#.#####.....#...# #. #.#
#.##.....⌠..###.# #.
###.####.#.........###.# #.
.............#......#..# #.
###........###.........# #.
######..## #..@..#...# #.
########...###.........### #.
.....#.#.....#......#....#######.
####.....#.........###...........
#.#.####.....⌠..##.##.#######.
#.#.# #####.....##.##.# #.. #.#.#
#.# #######...#.# #.. #.#.#
#.###.####....#.### #..
#.#[###.#...............# #..


There were no monsters in sight!

Vanquished Creatures
  A black bear (D:4)
  A hound (D:4)
  Terence (D:3)
  6 adders
  A river rat (Sewer)
  An ufetubus (D:4)
  4 dart slugs
  9 endoplasms
  5 giant cockroaches
  4 hobgoblins (D:1)
  5 quokkas
  8 ball pythons
  7 bats
  9 frilled lizards
  6 goblins
  2 kobolds
  12 rats
82 creatures vanquished.

Notes
Turn   | Place    | Note
-------+----------+-------------------------------------------
     0 | D:1      | Alarkh the Demonspawn Artificer began the quest for the
                  | Orb.
     0 | D:1      | Reached XP level 1. HP: 15/15 MP: 1/1
   220 | D:1      | Reached skill level 2 in Fighting
   351 | D:1      | Gained mutation: You have a small tail. [demonic ancestry]
   351 | D:1      | Reached XP level 2. HP: 22/22 MP: 2/2
   671 | D:1      | Reached skill level 3 in Fighting
   734 | D:1      | Reached XP level 3. HP: 19/29 MP: 3/3
  1874 | D:3      | Found a transporter.
  1879 | D:3      | Noticed xelsha's ghost (amateur GnFi)
  1882 | D:3      | Found a transporter.
  1883 | D:3      | Noticed an ogre
  1883 | D:3      | Noticed an ogre
  1899 | D:3      | Noticed Terence
  1916 | D:3      | Killed Terence
  1917 | D:3      | Reached skill level 4 in Fighting
  1917 | D:3      | Gained mutation: You have a tail ending in a sharp stinger.
                  | [demonic ancestry]
  1917 | D:3      | Reached XP level 4. HP: 15/37 MP: 4/4
  2221 | D:3      | Found a glowing drain.
  2266 | Sewer    | Entered a sewer
  2597 | Sewer    | Reached skill level 5 in Fighting
  2597 | Sewer    | Reached XP level 5. HP: 31/44 MP: 5/5
  2876 | D:4      | Found the +5 woodcutter's axe
  3017 | D:4      | Noticed a black bear
  3043 | D:4      | Killed a black bear
  3044 | D:4      | Reached skill level 6 in Fighting
  3311 | D:4      | Gained mutation: You are partially covered in yellow
                  | scales. (AC +2) [demonic ancestry]
  3311 | D:4      | Reached XP level 6. HP: 42/52 MP: 6/6
  3393 | D:$      | Got out of the dungeon alive.

Illustrated notes

Levels and vault maps discovered:
D:1:      dpeg_arrival_arbitrary_c, layout_loops_ring, minivault_4
D:2:      layout_loops_ring
D:3:      layout_basic, gammafunk_ghost_smash, gup_sewer_entry_bowl,
          uniq_terence
D:4:      layout_cave_pools, mainiacjoe_overflow_small_starburst,
          nicolae_vehumet_altar_sigil, minmay_diced_spiral

Skill      XL: |  1  2  3  4  5 |
---------------+----------------+-----
Fighting       | 2 3 4 5 6 |  6.2
Armour         | |  1.7
Dodging        | |  0.8
Stealth        | |  0.8
Evocations     | |  3.0

Action                     |  1- 3 |  4- 6 || total
---------------------------+-------+-------++-------
  Melee: Club              |    33 |       ||    33
         Spear             |   116 |       ||   116
         Tailslap          |    15 |    12 ||    27
         Dagger            |    22 |    98 ||   120
         Punch             |     1 |       ||     1
  Evoke: Wand              |     1 |       ||     1
    Use: Scroll            |       |     3 ||     3
         Potion            |       |     1 ||     1
   Stab: Sleeping          |     5 |     5 ||    10
 Armour: Leather armour    |    51 |    31 ||    82
         Skin              |       |    11 ||    11
  Dodge: Dodged            |    81 |    58 ||   139
